 Dungeon Crawl Stone Soup version 0.28.0-43-g3370ac3207 (webtiles) character file.

Game seed: 14337384017450371267

370 GreyFruit the Gusty (level 6, 0/32 HPs)
             Began as a Tengu Air Elementalist on Mar 7, 2022.
             Was an Initiate of Dithmenos.
             Slain by an orc wizard
             ... wielding a +0 dagger
              (2 damage)
             ... on level 4 of the Dungeon.
             The game lasted 00:04:46 (3767 turns).

GreyFruit the Gusty (Tengu Air Elementalist)        Turns: 3767, Time: 00:04:47

Health: 0/32       AC:  2    Str:  8    XL:     6   Next: 70%
Magic:  11/11      EV: 16    Int: 17    God:    Dithmenos [......]
Gold:   173        SH:  0    Dex: 15    Spells: 10/11 levels left

rFire   + + .      SeeInvis .   q - +2 hand axe (vorpal)
rCold   + + .      Faith    .   (no shield)
rNeg    . . .      Spirit   .   a - +0 robe
rPois   +          Reflect  .   (helmet restricted)
rElec   +          Harm     .   o - scarf {rC+ rF+}
rCorr   +          Rampage  .   (no gloves)
Will    .....                   (boots unavailable)
Stlth   ++........              (no amulet)
HPRegen 0.10/turn               (no ring)
MPRegen 0.12/turn               (no ring)

@: resistant, attractive, flying quickly and evasively, quick
A: beak, talons 3, nimble flight, no potion heal 1
a: Renounce Religion


You were on level 4 of the Dungeon.
You worshipped Dithmenos.
Dithmenos was noncommittal.
You visited 1 branch of the dungeon, and saw 4 of its levels.

You collected 173 gold pieces.

Inventory:

Hand Weapons
 e - a +0 flail
 q - a +2 vorpal hand axe (weapon)
Armour
 a - a +0 robe (worn)
 o - a scarf of resistance (worn)
Wands
 h - a wand of polymorph (10)
 i - a wand of acid (7)
 k - a wand of flame (17)
Scrolls
 b - 3 scrolls of identify {unknown}
 c - a scroll of teleportation {unknown}
 d - 2 scrolls of enchant armour {unknown}
 f - a scroll of blinking {unknown}
 n - a scroll of magic mapping {unknown}
 r - a scroll of enchant weapon {unknown}


   Skills:
 + Level 3.9 Dodging
 + Level 3.6 Stealth
 + Level 3.3 Spellcasting
 + Level 3.9 Conjurations
 + Level 5.6 Air Magic


You had 10 spell levels left.
You knew the following spells:

 Your Spells              Type           Power      Damage    Failure   Level
a - Shock                 Conj/Air       76%        1d7       2%          1

Your spell library contained the following spells:

 Spells                   Type           Power      Damage    Failure   Level
 Static Discharge         Conj/Air       19%        N/A       3%          2
 Swiftness                Air            21%        N/A       4%          3
 Summon Small Mammal      Summ           8%         N/A       17%         1
 Airstrike                Air            10%        N/A       17%         4
 Call Canine Familiar     Summ           2%         N/A       45%         3
 Summon Guardian Golem    Hex/Summ       2%         N/A       45%         3
 Dispersal                Tloc           1%         N/A       100%        6
 Disjunction              Tloc           1%         N/A       100%        8


Dungeon Overview and Level Annotations

Branches:
Dungeon (4/15)
 Temple: D:4-7

Altars:
Ashenzari
Dithmenos
Makhleb
Yredelemnul

Shops:
D:4 [


Innate Abilities, Weirdness & Mutations

You have a beak for a mouth.
You have claws for feet.
Your magical nature lets you fly swiftly and evasively.
Potions are less effective at restoring your health.


Message History

Dithmenos accepts your kill.
An orc wizard is nearby!
The zap hits the orc wizard.
The orc wizard is lightly wounded.
The orc wizard shouts!
The zap hits the orc wizard.
The orc wizard is heavily wounded.
The zap hits the orc wizard.
The orc wizard is severely wounded.
The zap misses the orc priest.
The orc priest shouts!
The orc priest calls upon Beogh to heal the orc wizard.
The orc wizard is healed somewhat.
The zap misses the orc wizard.
The zap hits the orc priest but does no damage.
The zap hits the orc wizard.
The orc wizard is severely wounded.
The zap hits the orc priest but does no damage.
The orc priest invokes the aid of Beogh against you.
Beogh smites you!
The orc wizard mumbles some strange words.
The orc wizard flickers and vanishes!
Deactivating autopickup; reactivate with Ctrl-A.
You are too injured to fight recklessly!
It was a potion of mutation.
You feel extremely strange.
Your system partially rejects the healing effects of potions.
It was a potion of resistance.
You feel protected.
It was a potion of curing.
Your system partially rejects the healing.
You feel better.
It was a potion of magic.
Magic courses through your body. Something hits you.
The orc priest calls down the wrath of Beogh upon you.
Beogh smites you!
* * * LOW HITPOINT WARNING * * *
It was a potion of attraction.
You feel attractive to monsters. Something closely misses you.
Something hits you.
You die...

#∩......o.............#.####
#.....................#.# #.
###.>................##.###.
##...............#....##..
##...).........###.......
#........................
#.###.####..####.........
####.#...#####...........#.#
##......##..@.o...........#..
##......#.....#####........#..
#...........### #........#..
#.......##### ###........##.
#.......# #....########.
##.....## ###### #. ##.....##
## #.......# #.......#


You could see an orc priest.

Vanquished Creatures
  A centaur (D:4)
  A scorpion (D:3)
  An orc priest (D:4)
  Jessica (D:2)
  Natasha (thrice) (D:2)
  2 adders (D:2)
  A gnoll (D:1)
  A worm (D:2)
  A dart slug (D:3)
  7 orcs
  7 bats
  11 endoplasms
  2 giant cockroaches (D:2)
  5 goblins
  5 hobgoblins
  6 kobolds
  5 quokkas
  5 ball pythons
  4 frilled lizards
  6 rats
75 creatures vanquished.

Notes
Turn   | Place    | Note
-------+----------+-------------------------------------------
     0 | D:1      | GreyFruit the Tengu Air Elementalist began the quest for
                  | the Orb.
     0 | D:1      | Reached XP level 1. HP: 10/10 MP: 4/4
   217 | D:1      | Reached XP level 2. HP: 15/15 MP: 3/6
   751 | D:2      | Reached XP level 3. HP: 19/19 MP: 4/7
   880 | D:2      | Noticed Jessica
   884 | D:2      | Killed Jessica
   977 | D:2      | Found a broken altar of Ashenzari.
  1066 | D:2      | Found a faded altar of an unknown god.
  1073 | D:2      | Reached XP level 4. HP: 24/24 MP: 2/8
  1290 | D:2      | Noticed Natasha
  1294 | D:2      | Killed Natasha
  1442 | D:2      | Noticed Natasha
  1448 | D:2      | Killed Natasha
  1539 | D:2      | Gained mutation: Your magical nature lets you fly swiftly
                  | and evasively. [Tengu growth]
  1539 | D:2      | Reached XP level 5. HP: 28/28 MP: 6/10
  1946 | D:2      | Noticed Natasha
  1949 | D:2      | Killed Natasha
  1950 | D:2      | Reached skill level 5 in Air Magic
  2318 | D:3      | Reached XP level 6. HP: 32/32 MP: 4/11
  2638 | D:3      | Found a basalt altar of Yredelemnul.
  2642 | D:3      | Found a burning altar of Makhleb.
  3391 | D:4      | Found a shadowy altar of Dithmenos.
  3397 | D:4      | Became a worshipper of Dithmenos the Shadowed
  3595 | D:4      | Found Luibbyog's Antique Armour Boutique.
  3762 | D:4      | Gained mutation: Potions are less effective at restoring
                  | your health. [potion of mutation]
  3767 | D:4      | Slain by an orc wizard

Illustrated notes

Levels and vault maps discovered:
D:1:      heliophobic_arrival_battle_scene, layout_rooms
D:2:      layout_basic, basic_altar,
          dreamdust_ecumenical_altar_angels_and_demons, corexii_hall_statues_x,
          uniq_natasha, uniq_jessica
D:3:      layout_rooms, minitemple, serial_glass, glass_columns_a,
          glass_columns_b, glass_columns_a, wad_rectangle_vault
D:4:      layout_rooms, nicolae_overflow_crystal_walls, serial_shops, shop,
          kennysheep_generic_room_2

Skill      XL: |  1  2  3  4  5 |
---------------+----------------+-----
Conjurations   | 2 3 |  3.9
Dodging        | 3 |  3.9
Stealth        | 3 |  3.6
Air Magic      | 5 |  5.6
Spellcasting   | 3 |  3.3

Action                   |  1- 3 |  4- 6 || total
-------------------------+-------+-------++-------
Melee: Flail             |       |     7 ||     7
       Peck              |       |     2 ||     2
       Kick              |       |     1 ||     1
 Cast: Shock             |    48 |   120 ||   168
  Use: Potion            |       |     5 ||     5
Armor: Robe              |       |     1 ||     1
Dodge: Dodged            |       |    26 ||    26
